Atomiques vs Monarchs
Created - 11 décembre 2016 at 06:44
Goals
|
Atomiques |
1 |
0 |
1 |
1 |
3 |
Monarchs |
0 |
1 |
1 |
0 |
2 |
|
Shots
|
Atomiques |
13 |
15 |
11 |
1 |
40 |
Monarchs |
9 |
11 |
13 |
1 |
34 |
|
1st period
1. Atomiques , Kyle Wharton 1 (John McCarthy, Roman Polak) at 1:09
Penalties :
No Penalty
2nd period
2. Monarchs , Shawn Matthias 7 (Erik Karlsson, Justin Williams) at 15:09
Penalties :
Tom Gilbert (MAN) for Slashing (Minor) at 2:48, Tom Gilbert (MAN) for Interference (Minor) at 15:18, Cam Atkinson (MAN) for Interference (Minor) at 17:57
3rd period
3. Atomiques , Tyler Brenner 13 (Branko Radivojevic, Kenndal McArdle) at 3:48
4. Monarchs , Erik Karlsson 2 (Justin Williams, Shawn Matthias) at 5:20 (PP)
Penalties :
Branko Radivojevic (STB) for Roughing (Minor) at 5:07, Davis Drewiske (STB) for Hooking (Minor) at 5:35, Shawn Matthias (MAN) for Hooking (Minor) at 18:03
Overtime #1
5. Atomiques , Marc-André Cliche 9 (Dmitri Orlov, John McCarthy) at 2:57
Penalties :
No Penalty
Goalie Stats
Jeremy Smith (STB), 32 saves from 34 shots - (0,941), W, 2-0-0, 62:57 minutes
Jhonas Enroth (MAN), 37 saves from 40 shots - (0,925), OTL, 6-4-5, 62:57 minutes
Players Stats for Atomiques
Player Name G A P +/- PIM S H SB GA TA FO MP PP MP PK MP
------------------------------------------------------------------------------------
Alex Berry 0 0 0 0 0 0 1 0 0 0 0/1 12:24 0:00 0:16
Andrew Kozek 0 0 0 0 0 4 1 1 0 1 0/1 17:31 3:09 0:03
Anthony Nigro 0 0 0 1 0 1 0 0 0 0 1/1 8:31 0:00 0:00
Branko Radivojevic 0 1 1 0 2 8 1 0 1 0 3/5 23:28 4:44 1:22
Brett Sutter 0 0 0 0 0 3 2 1 0 0 4/10 17:07 3:09 0:00
Colby Cohen 0 0 0 1 0 0 1 0 0 3 0/0 12:44 0:32 0:00
Davis Drewiske 0 0 0 1 2 5 1 1 2 1 0/0 28:32 4:48 0:13
Dmitri Orlov 0 1 1 1 0 0 0 0 0 0 0/0 14:08 0:00 1:27
John McCarthy 0 2 2 1 0 1 1 0 0 0 0/0 12:04 0:00 0:00
Kenndal McArdle 0 1 1 0 0 3 1 1 1 1 1/1 22:01 4:44 0:34
Kyle Wharton 1 0 1 0 0 5 0 2 2 1 0/0 19:34 2:33 0:32
Marc-André Cliche 1 0 1 1 0 2 3 0 1 0 3/4 12:04 0:00 0:00
Mike Halmo 0 0 0 1 0 0 1 0 0 0 0/0 8:31 0:00 0:00
Mitch Callahan 0 0 0 1 0 1 1 0 0 0 0/0 8:31 0:00 0:00
Roman Polak 0 1 1 0 0 1 0 3 0 0 0/0 19:58 2:33 0:32
Ryan Shannon 0 0 0 0 0 0 1 0 2 0 0/1 18:16 3:09 0:34
Shawn Belle 0 0 0 1 0 2 5 1 1 0 0/0 30:28 5:20 1:40
Tyler Brenner 1 0 1 0 0 4 3 1 0 1 19/35 23:42 4:44 1:35
Players Stats for Monarchs
Player Name G A P +/- PIM S H SB GA TA FO MP PP MP PK MP
------------------------------------------------------------------------------------
Alexandre Grenier 0 0 0 0 0 0 1 0 0 0 0/0 9:43 0:00 0:00
Andrew Shaw 0 0 0 -1 0 1 1 0 1 0 0/0 9:49 0:00 0:00
Cam Atkinson 0 0 0 0 2 2 1 0 0 0 0/1 16:48 0:50 1:37
Erik Karlsson 1 1 2 -1 0 2 4 3 2 2 0/0 29:08 1:21 5:07
Joe Morrow 0 0 0 0 0 0 0 0 0 0 0/0 5:28 0:00 0:15
Johnny Gaudreau 0 0 0 -1 0 3 1 0 1 1 0/0 17:13 0:00 1:37
Justin Williams 0 2 2 0 0 5 2 0 0 0 0/0 23:41 1:22 4:39
Kris Russell 0 0 0 -1 0 1 1 3 0 2 0/0 21:13 0:51 2:49
Kyle Clifford 0 0 0 0 0 3 2 2 0 0 0/0 14:50 0:50 0:00
Matt Tennyson 0 0 0 0 0 1 0 1 0 0 0/0 12:01 0:00 0:00
Riley Cote 0 0 0 0 0 1 3 1 1 0 7/14 23:44 1:22 4:38
Ryan White 0 0 0 -1 0 2 0 0 1 0 4/4 9:49 0:00 0:00
Shawn Matthias 1 1 2 0 2 3 2 2 1 0 12/26 20:39 1:22 1:40
Theo Peckham 0 0 0 -1 0 1 1 1 0 0 0/0 21:16 0:51 2:34
Tom Gilbert 0 0 0 -1 4 4 1 1 0 2 0/0 21:45 1:21 1:55
Tyler McNeely 0 0 0 -1 0 0 2 1 0 0 0/0 2:58 0:00 0:00
Tyler Toffoli 0 0 0 -1 0 2 2 0 0 1 3/9 16:06 0:50 1:30
Tyson Barrie 0 0 0 0 0 2 1 0 0 0 0/0 15:53 0:00 3:12
Zac Rinaldo 0 0 0 0 0 1 0 0 1 2 2/5 11:44 0:00 0:08
3 Stars
1 - Erik Karlsson (MAN)
2 - Marc-André Cliche (STB)
3 - Shawn Matthias (MAN)
Power Play
Atomiques - 0 on 4 Attempt(s) - 0,00%
Monarchs - 1 on 2 Attempt(s) - 50,00%
Penalty Kill
Atomiques - 1 on 2 Attempt(s) - 50,00%
- Score 0 goal in Penalty Kill
Monarchs - 4 on 4 Attempt(s) - 100,00%
- Score 0 goal in Penalty Kill
Team Stat
Atomiques - Hits : 23 - Faceoff Wins : 31 - Blocked Shots : 11 - Penalty Minutes : 4
Monarchs - Hits : 25 - Faceoff Wins : 28 - Blocked Shots : 15 - Penalty Minutes : 8
Official
Referees : Jackson Dave and Pollock Kevin
Linesman : Mark Shewchyk and Derek Nansen
Game Notes
Tyler McNeely is injured at 11:57 of 1st period (Back Spasms)
6:26 of 3rd period - Monarchs goal is going for a video replay. After video review, No Goal. The goalkeeper has been pushed into the net together with the puck after making a save.
Finance
Level 1 -- Attendance: 1522 (76,10%) -- Ticket Income 60 880 $
Level 2 -- Attendance: 724 (72,40%) -- Ticket Income 14 480 $
Total Attendance: 2246 (74,87%)
Total Ticket Income: 75 360 $
Other Income: 3 768 $
Total Income: 79 128 $
Atomiques
5 vs 5 Forward
Center Left Wing Right Wing Time % Phy DF OF
1 Tyler Brenner Kenndal McArdle Branko Radivojevic 40 1 2 2
2 Brett Sutter Andrew Kozek Ryan Shannon 30 1 2 2
3 Marc-André Cliche John McCarthy Alex Berry 20 1 2 2
4 Anthony Nigro Mike Halmo Mitch Callahan 10 1 2 2
5 vs 5 Defense
Defense Defense Time % Phy DF OF
1 Shawn Belle Davis Drewiske 40 1 2 2
2 Kyle Wharton Roman Polak 30 1 2 2
3 Colby Cohen Dmitri Orlov 20 1 2 2
4 Shawn Belle Davis Drewiske 10 1 2 2
PowerPlay Forward
Center Left Wing Right Wing Time % Phy DF OF
1 Tyler Brenner Kenndal McArdle Branko Radivojevic 60 1 2 2
2 Brett Sutter Andrew Kozek Ryan Shannon 40 1 2 2
PowerPlay Defense
Defense Defense Time % Phy DF OF
1 Shawn Belle Davis Drewiske 60 1 2 2
2 Kyle Wharton Roman Polak 40 1 2 2
Penalty Kill 4 Players Forward
Center Wing Time % Phy DF OF
1 Branko Radivojevic Tyler Brenner 60 1 2 2
2 Ryan Shannon Kenndal McArdle 40 1 2 2
Penalty Kill 4 Players Defense
Defense Defense Time % Phy DF OF
1 Shawn Belle Davis Drewiske 60 1 2 2
2 Kyle Wharton Roman Polak 40 1 2 2
Penalty Kill - 3 Players Forward
Forward Time % Phy DF OF
1 Branko Radivojevic 60 1 2 2
2 Tyler Brenner 40 1 2 2
Penalty Kill - 3 Players Defense
Defense Defense Time % Phy DF OF
1 Shawn Belle Davis Drewiske 60 1 2 2
2 Kyle Wharton Roman Polak 40 1 2 2
4 vs 4 Forward
Center Wing Time % Phy DF OF
1 Branko Radivojevic Tyler Brenner 60 1 2 2
2 Ryan Shannon Kenndal McArdle 40 1 2 2
4 vs 4 Defense
Defense Defense Time % Phy DF OF
1 Shawn Belle Davis Drewiske 60 1 2 2
2 Kyle Wharton Roman Polak 40 1 2 2
Last Minutes Offensive
Center Left Wing Right Wing Defense Defense
Tyler Brenner Kenndal McArdle Branko Radivojevic Shawn Belle Davis Drewiske
Last Minutes Defensive
Center Left Wing Right Wing Defense Defense
Tyler Brenner Kenndal McArdle Branko Radivojevic Shawn Belle Davis Drewiske
Goaltenders
Starting : Jeremy Smith
Backup : Sergei Bobrovsky
Extra Forwards
Normal : Marc-André Cliche, John McCarthy, Alex Berry - PP : Marc-André Cliche, John McCarthy - PK : Alex Berry
Extra Defensemen
Normal : Colby Cohen, Dmitri Orlov, Kyle Wharton - PP : Colby Cohen - PK : Dmitri Orlov, Kyle Wharton
Penalty Shots
Branko Radivojevic, Tyler Brenner, Ryan Shannon, Kenndal McArdle, Andrew Kozek
Monarchs
5 vs 5 Forward
Center Left Wing Right Wing Time % Phy DF OF
1 Shawn Matthias Riley Cote Justin Williams 40 1 2 2
2 Tyler Toffoli Kyle Clifford Cam Atkinson 30 1 2 2
3 Zac Rinaldo Johnny Gaudreau Alexandre Grenier 20 1 2 2
4 Ryan White Tyler McNeely Andrew Shaw 10 1 2 2
5 vs 5 Defense
Defense Defense Time % Phy DF OF
1 Erik Karlsson Tom Gilbert 40 1 2 2
2 Theo Peckham Kris Russell 30 1 2 2
3 Matt Tennyson Tyson Barrie 20 1 2 2
4 Joe Morrow Erik Karlsson 10 1 2 2
PowerPlay Forward
Center Left Wing Right Wing Time % Phy DF OF
1 Shawn Matthias Riley Cote Justin Williams 60 1 2 2
2 Tyler Toffoli Kyle Clifford Cam Atkinson 40 1 2 2
PowerPlay Defense
Defense Defense Time % Phy DF OF
1 Erik Karlsson Tom Gilbert 60 1 2 2
2 Theo Peckham Kris Russell 40 1 2 2
Penalty Kill 4 Players Forward
Center Wing Time % Phy DF OF
1 Riley Cote Justin Williams 60 1 2 2
2 Shawn Matthias Cam Atkinson 40 1 2 2
Penalty Kill 4 Players Defense
Defense Defense Time % Phy DF OF
1 Erik Karlsson Tom Gilbert 60 1 2 2
2 Theo Peckham Kris Russell 40 1 2 2
Penalty Kill - 3 Players Forward
Forward Time % Phy DF OF
1 Riley Cote 60 1 2 2
2 Justin Williams 40 1 2 2
Penalty Kill - 3 Players Defense
Defense Defense Time % Phy DF OF
1 Erik Karlsson Tom Gilbert 60 1 2 2
2 Theo Peckham Kris Russell 40 1 2 2
4 vs 4 Forward
Center Wing Time % Phy DF OF
1 Riley Cote Justin Williams 60 1 2 2
2 Shawn Matthias Cam Atkinson 40 1 2 2
4 vs 4 Defense
Defense Defense Time % Phy DF OF
1 Erik Karlsson Tom Gilbert 60 1 2 2
2 Theo Peckham Kris Russell 40 1 2 2
Last Minutes Offensive
Center Left Wing Right Wing Defense Defense
Shawn Matthias Riley Cote Justin Williams Erik Karlsson Tom Gilbert
Last Minutes Defensive
Center Left Wing Right Wing Defense Defense
Shawn Matthias Riley Cote Justin Williams Erik Karlsson Tom Gilbert
Goaltenders
Starting : Jhonas Enroth
Backup : Christopher Gibson
Extra Forwards
Normal : Johnny Gaudreau, Zac Rinaldo, Tyler McNeely - PP : Johnny Gaudreau, Zac Rinaldo - PK : Tyler McNeely
Extra Defensemen
Normal : Matt Tennyson, Tyson Barrie, Joe Morrow - PP : Matt Tennyson - PK : Tyson Barrie, Joe Morrow
Penalty Shots
Riley Cote, Justin Williams, Shawn Matthias, Cam Atkinson, Kyle Clifford
% Time on Ice - Atomiques
Lines # - Real PCT - Wanted PCT - Time Play
Normal Forward
1 - 32% - 40% - 16:13
2 - 28% - 30% - 13:58
3 - 22% - 20% - 11:13
4 - 17% - 10% - 8:31
Normal Defense
1 - 39% - 40% - 19:31
2 - 32% - 30% - 15:58
3 - 23% - 20% - 11:23
4 - 6% - 10% - 3:03
PP Forward
1 - 60% - 60% - 4:44
2 - 40% - 40% - 3:09
PP Defense
1 - 68% - 60% - 5:20
2 - 32% - 40% - 2:33
PK Forward
1 - 74% - 60% - 1:38
2 - 26% - 40% - 0:34
PK Defense
1 - 76% - 60% - 1:40
2 - 24% - 40% - 0:32
PK3 Forward
1 - 0% - 60%
2 - 0% - 40%
PK3 Defense
1 - 0% - 60%
2 - 0% - 40%
44 Forward
1 - 80% - 60% - 2:22
2 - 20% - 40% - 0:35
44 Defense
1 - 51% - 60% - 1:31
2 - 49% - 40% - 1:26
Last Minute Offensive - 0:00
Last Minute Defensive - 0:00
Total
Forward - 62:57
Defense - 62:57
|
% Time on Ice - Monarchs
Lines # - Real PCT - Wanted PCT - Time Play
Normal Forward
1 - 33% - 40% - 16:37
2 - 28% - 30% - 13:46
3 - 19% - 20% - 9:43
4 - 20% - 10% - 9:49
Normal Defense
1 - 35% - 40% - 17:32
2 - 32% - 30% - 15:48
3 - 24% - 20% - 12:01
4 - 9% - 10% - 4:34
PP Forward
1 - 62% - 60% - 1:22
2 - 38% - 40% - 0:50
PP Defense
1 - 61% - 60% - 1:21
2 - 39% - 40% - 0:51
PK Forward
1 - 71% - 60% - 5:37
2 - 29% - 40% - 2:16
PK Defense
1 - 67% - 60% - 5:19
2 - 33% - 40% - 2:34
PK3 Forward
1 - 100% - 60% - 0:03
2 - 0% - 40% - 0:00
PK3 Defense
1 - 100% - 60% - 0:03
2 - 0% - 40% - 0:00
44 Forward
1 - 81% - 60% - 2:21
2 - 19% - 40% - 0:33
44 Defense
1 - 49% - 60% - 1:26
2 - 51% - 40% - 1:28
Last Minute Offensive - 0:00
Last Minute Defensive - 0:00
Total
Forward - 62:57
Defense - 62:57
|
Play by Play
1st period
0:01 of 1st period - Tyler Brenner wins face-off versus Shawn Matthias in neutral zone.
0:27 of 1st period - Icing by Branko Radivojevic.
0:28 of 1st period - Brett Sutter wins face-off versus Tyler Toffoli in Atomiques zone.
0:33 of 1st period - Slapshot by Tyler Toffoli.
0:33 of 1st period - Stopped by Jeremy Smith with a rebound.
0:35 of 1st period - Slapshot by Theo Peckham.
0:35 of 1st period - Deflect By Tyler Toffoli.
0:35 of 1st period - Shot Blocked by Andrew Kozek.
0:35 of 1st period - Puck is out of play.
0:36 of 1st period - Zac Rinaldo wins face-off versus Marc-André Cliche in Atomiques zone.
1:09 of 1st period - Snap shot by Kyle Wharton.
1:09 of 1st period - Goal by Kyle Wharton - Atomiques : 1 - Monarchs : 0.
1:10 of 1st period - Shawn Matthias wins face-off versus Brett Sutter in neutral zone.
1:53 of 1st period - Tyson Barrie is hit by Ryan Shannon and loses puck.
2:04 of 1st period - Wrist shot by Justin Williams.
2:04 of 1st period - Stopped by Jeremy Smith without a rebound.
2:05 of 1st period - Tyler Brenner wins face-off versus Tyler Toffoli in Atomiques zone.
2:05 of 1st period - Tyler Brenner is hit by Cam Atkinson.
2:32 of 1st period - Icing by Tyler Brenner.
2:33 of 1st period - Tyler Brenner wins face-off versus Zac Rinaldo in Atomiques zone.
3:29 of 1st period - Backhand shot by Tyler McNeely.
3:29 of 1st period - Shot Misses the Net.
3:45 of 1st period - Wrist shot by Andrew Kozek.
3:45 of 1st period - Shot Blocked by Kris Russell.
4:44 of 1st period - Wrist shot by Tyler Brenner.
4:44 of 1st period - Shot Misses the Net.
4:46 of 1st period - Wrist shot by Kyle Wharton.
4:46 of 1st period - Stopped by Jhonas Enroth without a rebound.
4:47 of 1st period - Ryan White wins face-off versus Tyler Brenner in Monarchs zone.
4:54 of 1st period - Branko Radivojevic is hit by Tyler McNeely and loses puck.
5:01 of 1st period - Slapshot by Tyson Barrie.
5:01 of 1st period - Stopped by Jeremy Smith with a rebound.
5:09 of 1st period - Snap shot by Ryan White.
5:09 of 1st period - Stopped by Jeremy Smith with a rebound.
5:40 of 1st period - Snap shot by Branko Radivojevic.
5:40 of 1st period - Stopped by Jhonas Enroth with a rebound.
5:42 of 1st period - Slapshot by Davis Drewiske.
5:42 of 1st period - Shot Misses the Net.
5:44 of 1st period - Slapshot by Davis Drewiske.
5:44 of 1st period - Shot Blocked by Tyler McNeely.
5:46 of 1st period - Wrist shot by Branko Radivojevic.
5:46 of 1st period - Shot Misses the Net.
5:52 of 1st period - Slapshot by Tyler Brenner.
5:52 of 1st period - Shot Misses the Net.
5:54 of 1st period - Slapshot by Davis Drewiske.
5:54 of 1st period - Deflect By Kenndal McArdle.
5:54 of 1st period - Shot Misses the Net.
5:54 of 1st period - Puck is out of play.
5:55 of 1st period - Brett Sutter wins face-off versus Shawn Matthias in Monarchs zone.
6:40 of 1st period - Wrist shot by Tyler Toffoli.
6:40 of 1st period - Shot Misses the Net.
6:42 of 1st period - Slapshot by Matt Tennyson.
6:42 of 1st period - Deflect By Johnny Gaudreau.
6:42 of 1st period - Stopped by Jeremy Smith with a rebound.
6:52 of 1st period - Wrist shot by Zac Rinaldo.
6:52 of 1st period - Stopped by Jeremy Smith with a rebound.
7:04 of 1st period - Mike Halmo is hit by Riley Cote.
7:08 of 1st period - Wrist shot by Anthony Nigro.
7:08 of 1st period - Shot Blocked by Theo Peckham.
7:24 of 1st period - Anthony Nigro is hit by Riley Cote and loses puck.
7:35 of 1st period - Colby Cohen is hit by Johnny Gaudreau and loses puck.
8:02 of 1st period - Snap shot by Ryan Shannon.
8:02 of 1st period - Shot Blocked by Erik Karlsson.
8:04 of 1st period - Snap shot by Shawn Belle.
8:04 of 1st period - Deflect By Brett Sutter.
8:04 of 1st period - Stopped by Jhonas Enroth with a rebound.
8:40 of 1st period - Alexandre Grenier is hit by John McCarthy and loses puck.
8:51 of 1st period - Shawn Belle is hit by Shawn Matthias and loses puck.
9:42 of 1st period - Kyle Clifford is hit by Kenndal McArdle and loses puck.
10:17 of 1st period - Backhand shot by Shawn Matthias.
10:17 of 1st period - Stopped by Jeremy Smith with a rebound.
10:39 of 1st period - Marc-André Cliche is hit by Tyler McNeely and loses puck.
11:01 of 1st period - Branko Radivojevic is hit by Tyler Toffoli and loses puck.
11:16 of 1st period - Zac Rinaldo is hit by Mike Halmo and loses puck.
11:56 of 1st period - Tyler McNeely is hit by Alex Berry.
11:57 of 1st period - Tyler McNeely from Monarchs is injured at 11:57 of 1st period (Back Spasms).
11:58 of 1st period - Tyler Brenner wins face-off versus Shawn Matthias in Monarchs zone.
12:17 of 1st period - Davis Drewiske is hit by Erik Karlsson and loses puck.
12:30 of 1st period - Snap shot by Ryan Shannon.
12:30 of 1st period - Shot Blocked by Kyle Clifford.
12:48 of 1st period - Snap shot by Johnny Gaudreau.
12:48 of 1st period - Shot Misses the Net.
13:08 of 1st period - Slapshot by Marc-André Cliche.
13:08 of 1st period - Shot Misses the Net.
13:10 of 1st period - Snap shot by Davis Drewiske.
13:10 of 1st period - Shot Blocked by Kris Russell.
13:12 of 1st period - Slapshot by Anthony Nigro.
13:12 of 1st period - Shot Misses the Net.
13:32 of 1st period - Wrist shot by Shawn Matthias.
13:32 of 1st period - Deflect By Kyle Wharton.
13:32 of 1st period - Shot Blocked by Kenndal McArdle.
13:32 of 1st period - Puck is out of play.
13:33 of 1st period - Tyler Brenner wins face-off versus Shawn Matthias in Atomiques zone.
13:38 of 1st period - Snap shot by Tyler Brenner.
13:38 of 1st period - Shot Blocked by Riley Cote.
13:40 of 1st period - Snap shot by Tyler Brenner.
13:40 of 1st period - Shot Misses the Net.
13:42 of 1st period - Wrist shot by Branko Radivojevic.
13:42 of 1st period - Shot Blocked by Shawn Matthias.
13:44 of 1st period - Wrist shot by Tyler Brenner.
13:44 of 1st period - Deflect By Kenndal McArdle.
13:44 of 1st period - Stopped by Jhonas Enroth without a rebound.
13:45 of 1st period - Tyler Brenner wins face-off versus Shawn Matthias in Monarchs zone.
13:46 of 1st period - Wrist shot by Branko Radivojevic.
13:46 of 1st period - Stopped by Jhonas Enroth with a rebound.
14:12 of 1st period - Cam Atkinson is hit by Brett Sutter.
14:44 of 1st period - Kris Russell is hit by Marc-André Cliche and loses puck.
16:24 of 1st period - Davis Drewiske is hit by Tyson Barrie and loses puck.
16:46 of 1st period - Slapshot by Davis Drewiske.
16:46 of 1st period - Stopped by Jhonas Enroth with a rebound.
16:48 of 1st period - Snap shot by Andrew Kozek.
16:48 of 1st period - Stopped by Jhonas Enroth without a rebound.
16:49 of 1st period - Shawn Matthias wins face-off versus Andrew Kozek in Monarchs zone.
16:59 of 1st period - Wrist shot by Erik Karlsson.
16:59 of 1st period - Stopped by Jeremy Smith with a rebound.
17:17 of 1st period - Wrist shot by Branko Radivojevic.
17:17 of 1st period - Shot Misses the Net.
17:29 of 1st period - John McCarthy is hit by Erik Karlsson and loses puck.
17:52 of 1st period - Snap shot by Anthony Nigro.
17:52 of 1st period - Shot Blocked by Erik Karlsson.
17:54 of 1st period - Slapshot by Kyle Wharton.
17:54 of 1st period - Deflect By Riley Cote.
17:54 of 1st period - Stopped by Jhonas Enroth with a rebound.
17:56 of 1st period - Wrist shot by Roman Polak.
17:56 of 1st period - Stopped by Jhonas Enroth with a rebound.
17:58 of 1st period - Slapshot by Anthony Nigro.
17:58 of 1st period - Stopped by Jhonas Enroth without a rebound.
17:59 of 1st period - Tyler Brenner wins face-off versus Tyler Toffoli in Monarchs zone.
18:14 of 1st period - Wrist shot by Branko Radivojevic.
18:14 of 1st period - Stopped by Jhonas Enroth with a rebound.
18:26 of 1st period - Brett Sutter is hit by Shawn Matthias.
18:49 of 1st period - Snap shot by Johnny Gaudreau.
18:49 of 1st period - Stopped by Jeremy Smith with a rebound.
18:51 of 1st period - Snap shot by Tom Gilbert.
18:51 of 1st period - Shot Misses the Net.
18:53 of 1st period - Snap shot by Tom Gilbert.
18:53 of 1st period - Deflect By Alexandre Grenier.
18:53 of 1st period - Shot Blocked by Davis Drewiske.
18:53 of 1st period - Puck is out of play.
18:54 of 1st period - Tyler Toffoli wins face-off versus Tyler Brenner in Atomiques zone.
19:10 of 1st period - Off-side.
19:11 of 1st period - Brett Sutter wins face-off versus Shawn Matthias in neutral zone.
19:14 of 1st period - Slapshot by Andrew Kozek.
19:14 of 1st period - Stopped by Jhonas Enroth with a rebound.
19:26 of 1st period - Wrist shot by Shawn Matthias.
19:26 of 1st period - Shot Misses the Net.
19:36 of 1st period - Theo Peckham is hit by Shawn Belle and loses puck.
19:59 of 1st period - Shawn Belle is hit by Tom Gilbert and loses puck.
Goals for this period are 1 for Atomiques vs 0 for Monarchs .
Shots for this period are 13 for Atomiques vs 9 for Monarchs .
2nd period
0:01 of 2nd period - Tyler Brenner wins face-off versus Shawn Matthias in neutral zone.
0:14 of 2nd period - Snap shot by Shawn Matthias.
0:14 of 2nd period - Shot Misses the Net.
0:49 of 2nd period - Off-side.
0:50 of 2nd period - Zac Rinaldo wins face-off versus Brett Sutter in neutral zone.
0:59 of 2nd period - Snap shot by Zac Rinaldo.
0:59 of 2nd period - Shot Blocked by Roman Polak.
1:01 of 2nd period - Snap shot by Alexandre Grenier.
1:01 of 2nd period - Deflect By Zac Rinaldo.
1:01 of 2nd period - Shot Blocked by Roman Polak.
1:01 of 2nd period - Puck is out of play.
1:02 of 2nd period - Kenndal McArdle wins face-off versus Riley Cote in Atomiques zone.
1:28 of 2nd period - Andrew Kozek is hit by Kyle Clifford and loses puck.
1:35 of 2nd period - Snap shot by Kyle Clifford.
1:35 of 2nd period - Stopped by Jeremy Smith with a rebound.
2:48 of 2nd period - Minor Penalty to Tom Gilbert for Slashing.
2:49 of 2nd period - Tyler Brenner wins face-off versus Riley Cote in Monarchs zone.
3:21 of 2nd period - Riley Cote is hit by Shawn Belle and loses puck.
3:34 of 2nd period - Cam Atkinson is hit by Shawn Belle and loses puck.
3:53 of 2nd period - Erik Karlsson is hit by Shawn Belle and loses puck.
4:48 of 2nd period - Penalty to Tom Gilbert is over, Tom Gilbert is back on ice.
5:56 of 2nd period - Slapshot by Ryan Shannon.
5:56 of 2nd period - Shot Blocked by Matt Tennyson.
6:08 of 2nd period - Davis Drewiske is hit by Theo Peckham and loses puck.
6:46 of 2nd period - Andrew Shaw is hit by Mitch Callahan and loses puck.
7:18 of 2nd period - Brett Sutter is hit by Alexandre Grenier and loses puck.
7:39 of 2nd period - Erik Karlsson is hit by Colby Cohen and loses puck.
7:50 of 2nd period - Kyle Wharton is hit by Tyler Toffoli.
8:52 of 2nd period - Off-side.
8:53 of 2nd period - Tyler Toffoli wins face-off versus Tyler Brenner in neutral zone.
8:58 of 2nd period - Wrist shot by Erik Karlsson.
8:58 of 2nd period - Shot Misses the Net.
9:00 of 2nd period - Wrist shot by Cam Atkinson.
9:00 of 2nd period - Stopped by Jeremy Smith with a rebound.
9:02 of 2nd period - Wrist shot by Kyle Clifford.
9:02 of 2nd period - Stopped by Jeremy Smith without a rebound.
9:03 of 2nd period - Shawn Matthias wins face-off versus Tyler Brenner in Atomiques zone.
9:08 of 2nd period - Wrist shot by Justin Williams.
9:08 of 2nd period - Shot Misses the Net.
9:10 of 2nd period - Slapshot by Tom Gilbert.
9:10 of 2nd period - Stopped by Jeremy Smith with a rebound.
9:12 of 2nd period - Snap shot by Shawn Matthias.
9:12 of 2nd period - Stopped by Jeremy Smith with a rebound.
9:14 of 2nd period - Wrist shot by Tom Gilbert.
9:14 of 2nd period - Stopped by Jeremy Smith with a rebound.
9:16 of 2nd period - Wrist shot by Justin Williams.
9:16 of 2nd period - Shot Blocked by Tyler Brenner.
9:36 of 2nd period - Brett Sutter is hit by Erik Karlsson and loses puck.
9:48 of 2nd period - Ryan Shannon is hit by Kyle Clifford and loses puck.
9:55 of 2nd period - Snap shot by Ryan Shannon.
9:55 of 2nd period - Shot Blocked by Kyle Clifford.
9:57 of 2nd period - Slapshot by Brett Sutter.
9:57 of 2nd period - Stopped by Jhonas Enroth with a rebound.
10:07 of 2nd period - Wrist shot by Andrew Kozek.
10:07 of 2nd period - Stopped by Jhonas Enroth with a rebound.
10:09 of 2nd period - Snap shot by Brett Sutter.
10:09 of 2nd period - Stopped by Jhonas Enroth with a rebound.
10:11 of 2nd period - Snap shot by Davis Drewiske.
10:11 of 2nd period - Shot Misses the Net.
10:13 of 2nd period - Slapshot by Davis Drewiske.
10:13 of 2nd period - Stopped by Jhonas Enroth with a rebound.
10:15 of 2nd period - Wrist shot by Andrew Kozek.
10:15 of 2nd period - Deflect By Erik Karlsson.
10:15 of 2nd period - Stopped by Jhonas Enroth without a rebound.
10:16 of 2nd period - Tyler Brenner wins face-off versus Shawn Matthias in Monarchs zone.
10:27 of 2nd period - Branko Radivojevic is hit by Riley Cote and loses puck.
11:19 of 2nd period - Wrist shot by Justin Williams.
11:19 of 2nd period - Stopped by Jeremy Smith with a rebound.
11:21 of 2nd period - Slapshot by Tyson Barrie.
11:21 of 2nd period - Stopped by Jeremy Smith with a rebound.
11:23 of 2nd period - Slapshot by Matt Tennyson.
11:23 of 2nd period - Stopped by Jeremy Smith with a rebound.
12:05 of 2nd period - Kyle Wharton is hit by Justin Williams and loses puck.
12:51 of 2nd period - Icing by Tom Gilbert.
12:52 of 2nd period - Ryan White wins face-off versus Branko Radivojevic in Monarchs zone.
13:29 of 2nd period - Slapshot by Erik Karlsson.
13:29 of 2nd period - Shot Blocked by Brett Sutter.
13:31 of 2nd period - Snap shot by Tyler Toffoli.
13:31 of 2nd period - Stopped by Jeremy Smith with a rebound.
13:42 of 2nd period - Off-side.
13:43 of 2nd period - Marc-André Cliche wins face-off versus Zac Rinaldo in neutral zone.
13:52 of 2nd period - Slapshot by Shawn Belle.
13:52 of 2nd period - Shot Misses the Net.
13:54 of 2nd period - Slapshot by Shawn Belle.
13:54 of 2nd period - Stopped by Jhonas Enroth without a rebound.
13:55 of 2nd period - Riley Cote wins face-off versus Tyler Brenner in Monarchs zone.
14:05 of 2nd period - Icing by Tyler Brenner.
14:06 of 2nd period - Shawn Matthias wins face-off versus Tyler Brenner in Atomiques zone.
14:13 of 2nd period - Theo Peckham is hit by Tyler Brenner.
14:57 of 2nd period - Slapshot by Marc-André Cliche.
14:57 of 2nd period - Shot Misses the Net.
14:59 of 2nd period - Snap shot by Alex Berry.
14:59 of 2nd period - Shot Hit the Post.
15:01 of 2nd period - Wrist shot by Marc-André Cliche.
15:01 of 2nd period - Stopped by Jhonas Enroth without a rebound.
15:02 of 2nd period - Shawn Matthias wins face-off versus Tyler Brenner in Monarchs zone.
15:09 of 2nd period - Snap shot by Shawn Matthias.
15:09 of 2nd period - Goal by Shawn Matthias - Atomiques : 1 - Monarchs : 1.
15:10 of 2nd period - Tyler Brenner wins face-off versus Riley Cote in neutral zone.
15:18 of 2nd period - Minor Penalty to Tom Gilbert for Interference.
15:19 of 2nd period - Riley Cote wins face-off versus Tyler Brenner in Monarchs zone.
15:23 of 2nd period - Backhand shot by Kenndal McArdle.
15:23 of 2nd period - Stopped by Jhonas Enroth without a rebound.
15:24 of 2nd period - Riley Cote wins face-off versus Tyler Brenner in Monarchs zone.
15:51 of 2nd period - Icing by Davis Drewiske.
15:52 of 2nd period - Riley Cote wins face-off versus Brett Sutter in Atomiques zone.
16:03 of 2nd period - Backhand shot by Davis Drewiske.
16:03 of 2nd period - Stopped by Jhonas Enroth without a rebound.
16:04 of 2nd period - Riley Cote wins face-off versus Tyler Brenner in Monarchs zone.
16:15 of 2nd period - Snap shot by Branko Radivojevic.
16:15 of 2nd period - Deflect By Tyler Brenner.
16:15 of 2nd period - Stopped by Jhonas Enroth with a rebound.
16:17 of 2nd period - Slapshot by Kenndal McArdle.
16:17 of 2nd period - Stopped by Jhonas Enroth without a rebound.
16:18 of 2nd period - Riley Cote wins face-off versus Tyler Brenner in Monarchs zone.
16:18 of 2nd period - Riley Cote is hit by Tyler Brenner.
16:33 of 2nd period - Icing by Kenndal McArdle.
16:34 of 2nd period - Tyler Brenner wins face-off versus Riley Cote in Atomiques zone.
16:48 of 2nd period - Slapshot by Shawn Belle.
16:48 of 2nd period - Shot Misses the Net.
16:50 of 2nd period - Slapshot by Davis Drewiske.
16:50 of 2nd period - Deflect By Branko Radivojevic.
16:50 of 2nd period - Shot Misses the Net.
16:50 of 2nd period - Puck is out of play.
16:51 of 2nd period - Shawn Matthias wins face-off versus Brett Sutter in Monarchs zone.
17:18 of 2nd period - Penalty to Tom Gilbert is over, Tom Gilbert is back on ice.
17:24 of 2nd period - Wrist shot by Tyler Brenner.
17:24 of 2nd period - Stopped by Jhonas Enroth with a rebound.
17:57 of 2nd period - Minor Penalty to Cam Atkinson for Interference.
17:58 of 2nd period - Riley Cote wins face-off versus Tyler Brenner in Monarchs zone.
18:28 of 2nd period - Off-side.
18:29 of 2nd period - Tyler Brenner wins face-off versus Shawn Matthias in neutral zone.
18:40 of 2nd period - Wrist shot by Branko Radivojevic.
18:40 of 2nd period - Stopped by Jhonas Enroth with a rebound.
18:42 of 2nd period - Slapshot by Kyle Wharton.
18:42 of 2nd period - Stopped by Jhonas Enroth with a rebound.
18:44 of 2nd period - Snap shot by Branko Radivojevic.
18:44 of 2nd period - Stopped by Jhonas Enroth with a rebound.
19:57 of 2nd period - Penalty to Cam Atkinson is over, Cam Atkinson is back on ice.
Goals for this period are 0 for Atomiques vs 1 for Monarchs .
Shots for this period are 15 for Atomiques vs 11 for Monarchs .
3rd period
0:01 of 3rd period - Tyler Brenner wins face-off versus Shawn Matthias in neutral zone.
0:04 of 3rd period - Slapshot by Davis Drewiske.
0:04 of 3rd period - Deflect By Erik Karlsson.
0:04 of 3rd period - Stopped by Jhonas Enroth with a rebound.
0:06 of 3rd period - Slapshot by Branko Radivojevic.
0:06 of 3rd period - Shot Blocked by Shawn Matthias.
0:08 of 3rd period - Slapshot by Shawn Belle.
0:08 of 3rd period - Stopped by Jhonas Enroth without a rebound.
0:09 of 3rd period - Tyler Brenner wins face-off versus Shawn Matthias in Monarchs zone.
0:32 of 3rd period - Wrist shot by Branko Radivojevic.
0:32 of 3rd period - Shot Blocked by Tom Gilbert.
0:34 of 3rd period - Slapshot by Davis Drewiske.
0:34 of 3rd period - Stopped by Jhonas Enroth without a rebound.
0:35 of 3rd period - Brett Sutter wins face-off versus Cam Atkinson in Monarchs zone.
1:21 of 3rd period - Wrist shot by Branko Radivojevic.
1:21 of 3rd period - Stopped by Jhonas Enroth with a rebound.
1:44 of 3rd period - Off-side.
1:45 of 3rd period - Ryan White wins face-off versus Brett Sutter in neutral zone.
1:48 of 3rd period - Ryan Shannon is hit by Andrew Shaw and loses puck.
1:55 of 3rd period - Snap shot by Ryan White.
1:55 of 3rd period - Shot Misses the Net.
2:01 of 3rd period - Snap shot by Johnny Gaudreau.
2:01 of 3rd period - Shot Blocked by Shawn Belle.
2:18 of 3rd period - Johnny Gaudreau is hit by Shawn Belle and loses puck.
2:32 of 3rd period - Wrist shot by Johnny Gaudreau.
2:32 of 3rd period - Deflect By Andrew Shaw.
2:32 of 3rd period - Stopped by Jeremy Smith without a rebound.
2:33 of 3rd period - Tyler Brenner wins face-off versus Shawn Matthias in Atomiques zone.
2:49 of 3rd period - Slapshot by Justin Williams.
2:49 of 3rd period - Stopped by Jeremy Smith with a rebound.
3:32 of 3rd period - Slapshot by Shawn Belle.
3:32 of 3rd period - Deflect By Mitch Callahan.
3:32 of 3rd period - Stopped by Jhonas Enroth without a rebound.
3:33 of 3rd period - Tyler Brenner wins face-off versus Riley Cote in Monarchs zone.
3:48 of 3rd period - Snap shot by Tyler Brenner.
3:48 of 3rd period - Goal by Tyler Brenner - Atomiques : 2 - Monarchs : 1.
3:49 of 3rd period - Tyler Brenner wins face-off versus Shawn Matthias in neutral zone.
3:54 of 3rd period - Wrist shot by Branko Radivojevic.
3:54 of 3rd period - Shot Blocked by Erik Karlsson.
4:31 of 3rd period - Davis Drewiske is hit by Kris Russell and loses puck.
4:54 of 3rd period - Wrist shot by Kyle Clifford.
4:54 of 3rd period - Stopped by Jeremy Smith with a rebound.
4:56 of 3rd period - Slapshot by Matt Tennyson.
4:56 of 3rd period - Deflect By Tyler Toffoli.
4:56 of 3rd period - Shot Misses the Net.
4:56 of 3rd period - Puck is out of play.
4:57 of 3rd period - Shawn Matthias wins face-off versus Tyler Brenner in Atomiques zone.
5:00 of 3rd period - Slapshot by Riley Cote.
5:00 of 3rd period - Stopped by Jeremy Smith without a rebound.
5:01 of 3rd period - Shawn Matthias wins face-off versus Tyler Brenner in Atomiques zone.
5:07 of 3rd period - Minor Penalty to Branko Radivojevic for Roughing.
5:08 of 3rd period - Shawn Matthias wins face-off versus Alex Berry in Atomiques zone.
5:18 of 3rd period - Slapshot by Erik Karlsson.
5:18 of 3rd period - Shot Misses the Net.
5:20 of 3rd period - Snap shot by Erik Karlsson.
5:20 of 3rd period - Goal by Erik Karlsson - Atomiques : 2 - Monarchs : 2.
5:21 of 3rd period - Shawn Matthias wins face-off versus Tyler Brenner in neutral zone.
5:35 of 3rd period - Minor Penalty to Davis Drewiske for Hooking.
5:36 of 3rd period - Shawn Matthias wins face-off versus Branko Radivojevic in Atomiques zone.
5:50 of 3rd period - Slapshot by Justin Williams.
5:50 of 3rd period - Stopped by Jeremy Smith without a rebound.
5:51 of 3rd period - Branko Radivojevic wins face-off versus Shawn Matthias in Atomiques zone.
5:51 of 3rd period - Branko Radivojevic is hit by Erik Karlsson.
6:24 of 3rd period - Snap shot by Kyle Clifford.
6:24 of 3rd period - Shot Misses the Net.
6:26 of 3rd period - Snap shot by Cam Atkinson.
6:26 of 3rd period - Monarchs goal is going for a video replay.
6:26 of 3rd period - The goal is refused. The goalkeeper has been pushed into the net together with the puck after making a save..
6:27 of 3rd period - Branko Radivojevic wins face-off versus Tyler Toffoli in Atomiques zone.
6:56 of 3rd period - Snap shot by Shawn Matthias.
6:56 of 3rd period - Shot Blocked by Kyle Wharton.
6:58 of 3rd period - Slapshot by Theo Peckham.
6:58 of 3rd period - Stopped by Jeremy Smith without a rebound.
6:59 of 3rd period - Shawn Matthias wins face-off versus Ryan Shannon in Atomiques zone.
7:14 of 3rd period - Wrist shot by Tom Gilbert.
7:14 of 3rd period - Stopped by Jeremy Smith with a rebound.
7:24 of 3rd period - Tyler Toffoli is hit by Branko Radivojevic and loses puck.
7:35 of 3rd period - Penalty to Davis Drewiske is over, Davis Drewiske is back on ice.
8:02 of 3rd period - Snap shot by Kris Russell.
8:02 of 3rd period - Stopped by Jeremy Smith with a rebound.
8:22 of 3rd period - Icing by Tyson Barrie.
8:23 of 3rd period - Ryan White wins face-off versus Brett Sutter in Monarchs zone.
9:00 of 3rd period - Snap shot by Branko Radivojevic.
9:00 of 3rd period - Stopped by Jhonas Enroth with a rebound.
9:47 of 3rd period - Wrist shot by Ryan Shannon.
9:47 of 3rd period - Shot Misses the Net.
9:49 of 3rd period - Snap shot by Andrew Kozek.
9:49 of 3rd period - Shot Misses the Net.
9:51 of 3rd period - Slapshot by Kyle Wharton.
9:51 of 3rd period - Stopped by Jhonas Enroth with a rebound.
9:53 of 3rd period - Snap shot by Roman Polak.
9:53 of 3rd period - Shot Blocked by Kris Russell.
11:29 of 3rd period - Ryan White is hit by Marc-André Cliche and loses puck.
11:42 of 3rd period - Wrist shot by John McCarthy.
11:42 of 3rd period - Stopped by Jhonas Enroth with a rebound.
11:54 of 3rd period - Wrist shot by Justin Williams.
11:54 of 3rd period - Stopped by Jeremy Smith with a rebound.
11:56 of 3rd period - Snap shot by Shawn Matthias.
11:56 of 3rd period - Shot Blocked by Kyle Wharton.
12:38 of 3rd period - Slapshot by Kyle Wharton.
12:38 of 3rd period - Shot Misses the Net.
13:02 of 3rd period - Icing by Tyler Brenner.
13:03 of 3rd period - Anthony Nigro wins face-off versus Zac Rinaldo in Atomiques zone.
13:54 of 3rd period - Erik Karlsson is hit by Davis Drewiske and loses puck.
14:33 of 3rd period - Cam Atkinson is hit by Tyler Brenner and loses puck.
15:16 of 3rd period - Justin Williams is hit by Andrew Kozek.
15:57 of 3rd period - Tyson Barrie is hit by Marc-André Cliche and loses puck.
16:11 of 3rd period - Snap shot by Zac Rinaldo.
16:11 of 3rd period - Deflect By Johnny Gaudreau.
16:11 of 3rd period - Shot Misses the Net.
16:11 of 3rd period - Puck is out of play.
16:12 of 3rd period - Tyler Toffoli wins face-off versus Tyler Brenner in Atomiques zone.
16:39 of 3rd period - Snap shot by Ryan White.
16:39 of 3rd period - Stopped by Jeremy Smith with a rebound.
16:41 of 3rd period - Snap shot by Johnny Gaudreau.
16:41 of 3rd period - Stopped by Jeremy Smith with a rebound.
16:43 of 3rd period - Wrist shot by Johnny Gaudreau.
16:43 of 3rd period - Shot Blocked by Roman Polak.
16:45 of 3rd period - Snap shot by Joe Morrow.
16:45 of 3rd period - Deflect By Ryan White.
16:45 of 3rd period - Shot Misses the Net.
16:45 of 3rd period - Puck is out of play.
16:46 of 3rd period - Marc-André Cliche wins face-off versus Tyler Toffoli in Atomiques zone.
17:13 of 3rd period - Davis Drewiske is hit by Justin Williams and loses puck.
17:36 of 3rd period - Alexandre Grenier is hit by Brett Sutter and loses puck.
18:03 of 3rd period - Minor Penalty to Shawn Matthias for Hooking.
18:04 of 3rd period - Tyler Brenner wins face-off versus Riley Cote in Monarchs zone.
18:04 of 3rd period - Wrist shot by Branko Radivojevic.
18:04 of 3rd period - Stopped by Jhonas Enroth with a rebound.
18:06 of 3rd period - Snap shot by Tyler Brenner.
18:06 of 3rd period - Stopped by Jhonas Enroth with a rebound.
Goals for this period are 1 for Atomiques vs 1 for Monarchs .
Shots for this period are 11 for Atomiques vs 13 for Monarchs .
Overtime #1
0:01 of 1st overtime period - Branko Radivojevic wins face-off versus Riley Cote in neutral zone.
0:03 of 1st overtime period - Penalty to Shawn Matthias is over, Shawn Matthias is back on ice.
1:32 of 1st overtime period - Wrist shot by Zac Rinaldo.
1:32 of 1st overtime period - Shot Misses the Net.
1:50 of 1st overtime period - Wrist shot by Shawn Matthias.
1:50 of 1st overtime period - Shot Misses the Net.
1:52 of 1st overtime period - Snap shot by Cam Atkinson.
1:52 of 1st overtime period - Shot Misses the Net.
1:54 of 1st overtime period - Slapshot by Tom Gilbert.
1:54 of 1st overtime period - Stopped by Jeremy Smith with a rebound.
1:56 of 1st overtime period - Snap shot by Cam Atkinson.
1:56 of 1st overtime period - Shot Misses the Net.
2:47 of 1st overtime period - Icing by Colby Cohen.
2:48 of 1st overtime period - Marc-André Cliche wins face-off versus Tyler Toffoli in Atomiques zone.
2:57 of 1st overtime period - Wrist shot by Marc-André Cliche.
2:57 of 1st overtime period - Goal by Marc-André Cliche - Atomiques : 3 - Monarchs : 2.
Goals for this period are 1 for Atomiques vs 0 for Monarchs .
Shots for this period are 1 for Atomiques vs 1 for Monarchs .
Back to the Top